Avalanche vs Predators

Created - April 7, 2025 at 20:14

Goals
1 2 3 T
Avalanche 2 2 1 5
Predators 2 2 0 4
Shots
1 2 3 T
Avalanche 9 8 10 27
Predators 9 15 5 29

1st period

1. Predators , Ryan Mcdonagh 3 (Jack Eichel 47, Mikael Granlund 45) at 7:14 (PP)
2. Avalanche , Rickard Rakell 27 (Kyle Clifford 46, Jean-Gabriel Pageau 39) at 8:18 (PP)
3. Predators , Andy Miele 19 (Nicolas Kerdiles 17, Justin Faulk 35) at 13:33
4. Avalanche , Nick Cousins 20 (Jeff Carter 9) at 19:52

Penalties :
Claude Giroux (Nas) for Interference (Minor) at 3:29, Rickard Rakell (Col) for Slashing (Minor) at 6:52, Alexander Ovechkin (Nas) for Interference (Minor) at 7:37, Reilly Smith (Nas) for Tripping (Minor) at 16:09

2nd period

5. Avalanche , Luke Witkowski 2 (Joseph Blandisi 19, Drake Caggiula 6) at 5:40
6. Predators , Mark Pysyk 16 (Justin Faulk 36, Ryan Mcdonagh 21) at 8:24
7. Predators , Jaden Schwartz 14 (Claude Giroux 22, Travis Dermott 27) at 14:51 (PP)
8. Avalanche , Nick Cousins 21 (Jacob Slavin 24) at 19:55

Penalties :
Alexander Ovechkin (Nas) for Interference (Minor) at 3:27, Alexander Ovechkin (Nas) for Tripping (Minor) at 5:45, John Moore (Nas) for Tripping (Minor) at 9:01, Brian Dumoulin (Col) for Roughing (Minor) at 9:25, Jean-Gabriel Pageau (Col) for Holding (Minor) at 12:54, Rickard Rakell (Col) for Cross-checking (Minor) at 16:37

3rd period

9. Avalanche , Kyle Clifford 23 (Jacob Slavin 25, Jean-Gabriel Pageau 40) at 5:48 (PP)

Penalties :
Jack Johnson (Col) for Cross-checking (Minor) at 3:17, Alexander Ovechkin (Nas) for Diving (Minor) at 5:43, Jordan Schmaltz (Col) for Slashing (Minor) at 8:29, Joseph Blandisi (Col) for Hooking (Minor) at 16:39, Alexander Ovechkin (Nas) for Roughing (Minor) at 19:30

Goalie Stats

Robin Lehner (Col), 25 saves from 29 shots - (0.862), W, 29-22-2, 60:00 minutes
Andrei Vasilevskiy (Nas), 22 saves from 27 shots - (0.815), L, 26-15-6, 59:20 minutes

Players Stats for Avalanche

Player Name              G  A  P  +/- PIM S  H  SB GA TA FO     MP     PP MP  PK MP  
------------------------------------------------------------------------------------
Andrei Kuzmenko          0  0  0   0  0   2  1  0  1  1  1/1    16:19   5:08   0:00 
Anthony Duclair          0  0  0   1  0   0  0  0  0  0  0/0     9:52   0:06   0:01 
Brian Dumoulin           0  0  0   0  2   1  0  2  0  0  0/0    23:16   4:46   4:57 
Bryan Little             0  0  0  -1  0   7  1  0  1  0  14/24  21:37   5:08   5:24 
David Rundblad           0  0  0   0  0   0  1  1  0  1  0/0    17:31   4:47   0:12 
Drake Caggiula           0  1  1   1  0   0  1  0  0  0  1/5     7:27   0:00   0:00 
Jack Johnson             0  0  0   1  2   1  1  2  0  1  0/0    24:03   4:48   4:34 
Jacob Slavin             0  2  2   1  0   1  4  1  0  0  0/0    25:53   4:48   5:30 
Jean-Gabriel Pageau      0  2  2   0  2   0  2  0  0  1  12/20  20:18   4:27   3:55 
Jeff Carter              0  1  1   1  0   1  1  0  0  0  7/11    9:13   0:00   0:00 
Jordan Schmaltz          0  0  0   0  2   0  0  2  0  1  0/0    12:00   0:00   1:08 
Joseph Blandisi          0  1  1   1  2   0  0  0  0  0  0/0     7:30   0:00   0:00 
Kyle Clifford            1  1  2  -1  0   4  1  2  0  0  0/0    21:40   4:27   5:24 
Luke Witkowski           1  0  1   1  0   1  0  0  1  0  0/1    13:06   0:00   5:14 
Nick Cousins             2  0  2   1  0   3  0  0  1  0  0/1    14:10   5:08   0:00 
Patric Hornqvist         0  0  0  -1  0   3  0  0  0  0  0/0     9:33   0:00   0:00 
Rickard Rakell           1  0  1   0  4   3  2  0  0  0  2/2    16:33   4:21   1:20 
Vladislav Gavrikov       0  0  0   0  0   0  2  0  0  1  0/0    17:38   0:00   4:57 

Players Stats for Predators

Player Name              G  A  P  +/- PIM S  H  SB GA TA FO     MP     PP MP  PK MP  
------------------------------------------------------------------------------------
Alexander Ovechkin       0  0  0  -2  10  1  0  1  0  0  0/3    20:41   5:25   0:55 
Andy Miele               1  0  1   1  0   2  1  0  1  0  1/3    11:58   0:20   2:49 
Claude Giroux            0  1  1  -1  2   3  2  0  0  0  0/0    19:08   4:56   2:44 
Jack Eichel              0  1  1  -1  0   2  0  0  0  0  12/32  17:39   5:23   0:00 
Jaden Schwartz           1  0  1  -2  0   2  0  0  0  0  8/10   21:22   5:08   5:30 
Joel Armia               0  0  0   1  0   2  0  1  1  0  0/0     6:23   0:03   0:00 
John Moore               0  0  0   0  2   1  0  1  1  0  0/0    21:26   5:16   3:41 
Justin Faulk             0  2  2  -1  0   1  3  1  0  1  0/0    27:42   5:30   5:54 
Marc Staal               0  0  0   0  0   0  2  1  0  0  0/0    13:49   0:05   3:41 
Mark Pysyk               1  0  1   1  0   2  2  0  0  0  0/0    11:35   0:00   5:15 
Markus Granlund          0  0  0   1  0   1  0  0  1  0  1/2     6:20   0:00   0:00 
Mikael Granlund          0  1  1  -1  0   5  1  0  1  1  4/4    18:00   5:23   0:00 
Morgan Rielly            0  0  0   0  0   0  0  2  0  1  0/0    10:19   0:05   0:00 
Nicolas Kerdiles         0  1  1   0  0   1  0  0  0  0  0/0    11:16   0:00   1:57 
Reilly Smith             0  0  0   1  2   0  0  0  0  0  0/0     9:08   0:14   0:00 
Ryan Mcdonagh            1  1  2  -1  0   4  0  2  0  0  0/0    27:42   5:30   5:54 
Scott Laughton           0  0  0  -1  0   1  1  0  0  0  2/11   15:01   4:53   0:00 
Travis Dermott           0  1  1   0  0   1  1  2  1  1  0/0    19:13   5:04   0:00 

3 Stars

1 - Nick Cousins (Col)
2 - Jacob Slavin (Col)
3 - Kyle Clifford (Col)

Power Play

Avalanche - 2 on 8 Attempt(s) - 25.00%
Predators - 2 on 7 Attempt(s) - 28.57%

Penalty Kill

Avalanche - 5 on 7 Attempt(s) - 71.43% - Score 0 goal in Penalty Kill
Predators - 6 on 8 Attempt(s) - 75.00% - Score 0 goal in Penalty Kill

Team Stat

Avalanche - Hits : 17 - Faceoff Wins : 37 - Blocked Shots : 10 - Penalty Minutes : 14
Predators - Hits : 13 - Faceoff Wins : 28 - Blocked Shots : 11 - Penalty Minutes : 16

Official

Referees : Brandon Schrader and Kelly Sutherland
Linesman : Travis Toomey and Julien Fournier

Game Notes

No Game Note

Finance

Level 1 -- Attendance: 5798 (96.63%) -- Ticket Income $579,800
Level 2 -- Attendance: 4750 (95.00%) -- Ticket Income $332,500
Level 3 -- Attendance: 2000 (100.00%) -- Ticket Income $80,000
Level 4 -- Attendance: 3650 (91.25%) -- Ticket Income $109,500
Luxury Box -- Attendance: 991 (99.10%) -- Ticket Income $198,200
Game was played at the Bridgestone arena.
Total Attendance: 17189 (95.49%)
Total Ticket Income: $1,300,000
Other Income: $195,000
Total Income: $1,495,000

Avalanche

5 vs 5 Forward 
   Center                   Left Wing                Right Wing               Time % Phy DF OF 
 1 Jean-Gabriel Pageau      Andrei Kuzmenko          Rickard Rakell           31     1   2  2  
 2 Bryan Little             Kyle Clifford            Patric Hornqvist         31     1   2  2  
 3 Jeff Carter              Anthony Duclair          Nick Cousins             27     1   2  2  
 4 Drake Caggiula           Joseph Blandisi          Luke Witkowski           11     1   2  2  

5 vs 5 Defense 
   Defense                  Defense                                           Time % Phy DF OF 
 1 Jacob Slavin             Jack Johnson                                      35     1   2  2  
 2 Brian Dumoulin           David Rundblad                                    33     1   2  2  
 3 Vladislav Gavrikov       Jordan Schmaltz                                   28     1   2  2  
 4 Vladislav Gavrikov       Jordan Schmaltz                                   4      1   2  2  

PowerPlay Forward 
   Center                   Left Wing                Right Wing               Time % Phy DF OF 
 1 Jean-Gabriel Pageau      Kyle Clifford            Rickard Rakell           50     0   1  4  
 2 Bryan Little             Andrei Kuzmenko          Nick Cousins             50     0   1  4  

PowerPlay Defense
   Defense                  Defense                                           Time % Phy DF OF 
 1 Jacob Slavin             Jack Johnson                                      50     0   2  3  
 2 Brian Dumoulin           David Rundblad                                    50     0   2  3  

Penalty Kill 4 Players Forward 
   Center                   Wing                     Time % Phy DF OF 
 1 Jean-Gabriel Pageau      Luke Witkowski           50     1   3  1  
 2 Bryan Little             Kyle Clifford            50     1   3  1  

Penalty Kill 4 Players Defense
   Defense                  Defense                  Time % Phy DF OF 
 1 Jacob Slavin             Jack Johnson             50     1   3  1  
 2 Brian Dumoulin           Vladislav Gavrikov       50     1   3  1  

Penalty Kill - 3 Players Forward 
   Forward                                           Time % Phy DF OF 
 1 Luke Witkowski                                    57     1   4  0  
 2 Kyle Clifford                                     43     1   4  0  

Penalty Kill - 3 Players Defense
   Defense                  Defense                  Time % Phy DF OF 
 1 Jacob Slavin             Jack Johnson             50     1   4  0  
 2 Brian Dumoulin           Vladislav Gavrikov       50     1   4  0  

4 vs 4 Forward 
   Center                   Wing                     Time % Phy DF OF 
 1 Jean-Gabriel Pageau      Kyle Clifford            50     1   2  2  
 2 Bryan Little             Andrei Kuzmenko          50     1   2  2  

4 vs 4 Defense
   Defense                  Defense                  Time % Phy DF OF 
 1 Jacob Slavin             Vladislav Gavrikov       55     1   2  2  
 2 Jack Johnson             David Rundblad           45     1   2  2  

Last Minutes Offensive
   Center                   Left Wing                Right Wing               Defense                  Defense                  
   Jean-Gabriel Pageau      Anthony Duclair          Patric Hornqvist         Jacob Slavin             Brian Dumoulin           

Last Minutes Defensive
   Center                   Left Wing                Right Wing               Defense                  Defense                  
   Jean-Gabriel Pageau      Kyle Clifford            Luke Witkowski           Jacob Slavin             Jack Johnson             

Goaltenders
Starting : Robin Lehner             
Backup : Semyon Varlamov          

Extra Forwards
Normal : Drake Caggiula, Joseph Blandisi, Luke Witkowski - PP : Anthony Duclair, Jeff Carter - PK : Rickard Rakell
Extra Defensemen
Normal : Vladislav Gavrikov, Jordan Schmaltz, David Rundblad - PP : Vladislav Gavrikov - PK : Jordan Schmaltz, David Rundblad
Penalty Shots
Andrei Kuzmenko, Anthony Duclair, Bryan Little, Patric Hornqvist, Kyle Clifford
Custom OT Lines Forwards
Kyle Clifford, Jean-Gabriel Pageau, Bryan Little, Patric Hornqvist, Rickard Rakell, Andrei Kuzmenko, Nick Cousins, Luke Witkowski, Anthony Duclair, Jeff Carter
Custom OT Lines Defensemen
Jacob Slavin, Brian Dumoulin, Jack Johnson, David Rundblad, Jordan Schmaltz

Scratches
Jarred Tinordi (Healthy), Ryan Hartman (Healthy), Stefan Elliott (Healthy)

Predators

5 vs 5 Forward 
   Center                   Left Wing                Right Wing               Time % Phy DF OF 
 1 Jack Eichel              Alexander Ovechkin       Mikael Granlund          40     1   2  2  
 2 Scott Laughton           Jaden Schwartz           Claude Giroux            30     1   2  2  
 3 Andy Miele               Nicolas Kerdiles         Reilly Smith             20     1   2  2  
 4 Markus Granlund          Mark Pysyk               Joel Armia               10     1   2  2  

5 vs 5 Defense 
   Defense                  Defense                                           Time % Phy DF OF 
 1 Ryan Mcdonagh            Justin Faulk                                      40     1   1  3  
 2 John Moore               Travis Dermott                                    30     1   2  2  
 3 Marc Staal               Morgan Rielly                                     20     1   2  2  
 4 Ryan Mcdonagh            Justin Faulk                                      10     1   2  2  

PowerPlay Forward 
   Center                   Left Wing                Right Wing               Time % Phy DF OF 
 1 Jack Eichel              Alexander Ovechkin       Mikael Granlund          55     1   1  3  
 2 Scott Laughton           Jaden Schwartz           Claude Giroux            45     1   1  3  

PowerPlay Defense
   Defense                  Defense                                           Time % Phy DF OF 
 1 Ryan Mcdonagh            Justin Faulk                                      60     1   1  3  
 2 John Moore               Travis Dermott                                    40     1   1  3  

Penalty Kill 4 Players Forward 
   Center                   Wing                     Time % Phy DF OF 
 1 Jaden Schwartz           Mark Pysyk               60     1   2  2  
 2 Andy Miele               Claude Giroux            40     1   2  2  

Penalty Kill 4 Players Defense
   Defense                  Defense                  Time % Phy DF OF 
 1 Ryan Mcdonagh            Justin Faulk             60     1   3  1  
 2 John Moore               Marc Staal               40     1   3  1  

Penalty Kill - 3 Players Forward 
   Forward                                           Time % Phy DF OF 
 1 Mark Pysyk                                        60     1   3  1  
 2 Claude Giroux                                     40     1   3  1  

Penalty Kill - 3 Players Defense
   Defense                  Defense                  Time % Phy DF OF 
 1 Ryan Mcdonagh            Justin Faulk             60     1   3  1  
 2 John Moore               Marc Staal               40     1   3  1  

4 vs 4 Forward 
   Center                   Wing                     Time % Phy DF OF 
 1 Mikael Granlund          Alexander Ovechkin       60     1   2  2  
 2 Jack Eichel              Claude Giroux            40     1   2  2  

4 vs 4 Defense
   Defense                  Defense                  Time % Phy DF OF 
 1 Ryan Mcdonagh            Justin Faulk             60     1   2  2  
 2 John Moore               Travis Dermott           40     1   2  2  

Last Minutes Offensive
   Center                   Left Wing                Right Wing               Defense                  Defense                  
   Jack Eichel              Alexander Ovechkin       Claude Giroux            Ryan Mcdonagh            Justin Faulk             

Last Minutes Defensive
   Center                   Left Wing                Right Wing               Defense                  Defense                  
   Andy Miele               Claude Giroux            Mark Pysyk               John Moore               Ryan Mcdonagh            

Goaltenders
Starting : Andrei Vasilevskiy       
Backup : Kari Lehtonen            

Extra Forwards
Normal : Claude Giroux, Alexander Ovechkin, Reilly Smith - PP : Reilly Smith, Andy Miele - PK : Nicolas Kerdiles
Extra Defensemen
Normal : Marc Staal, Morgan Rielly, John Moore - PP : Marc Staal - PK : Marc Staal, Justin Faulk
Penalty Shots
Mikael Granlund, Alexander Ovechkin, Jack Eichel, Claude Giroux, Ryan Mcdonagh
Custom OT Lines Forwards
Mikael Granlund, Jack Eichel, Claude Giroux, Alexander Ovechkin, Jaden Schwartz, Scott Laughton, Reilly Smith, Andy Miele, Mark Pysyk, Markus Granlund
Custom OT Lines Defensemen
Ryan Mcdonagh, Justin Faulk, John Moore, Travis Dermott, Marc Staal

Scratches
Andreas Englund (Sprained Right Ankle Injury)

% Time on Ice - Avalanche

Lines # - Real PCT - Wanted PCT - Time Play
Normal Forward
1 - 29% - 31% - 11:03
2 - 27% - 31% - 10:18
3 - 24% - 27% - 9:13
4 - 19% - 11% - 7:08
Normal Defense
1 - 39% - 35% - 14:33
2 - 34% - 33% - 12:57
3 - 26% - 28% - 9:44
4 - 1% - 4% - 0:28
PP Forward
1 - 46% - 50% - 4:27
2 - 54% - 50% - 5:08
PP Defense
1 - 50% - 50% - 4:48
2 - 50% - 50% - 4:47
PK Forward
1 - 49% - 50% - 5:15
2 - 51% - 50% - 5:24
PK Defense
1 - 52% - 50% - 5:30
2 - 48% - 50% - 5:09
PK3 Forward
1 - 0% - 57%
2 - 0% - 43%
PK3 Defense
1 - 0% - 50%
2 - 0% - 50%
44 Forward
1 - 51% - 50% - 0:48
2 - 49% - 50% - 0:47
44 Defense
1 - 65% - 55% - 1:02
2 - 35% - 45% - 0:33
Last Minute Offensive  - 0:00
Last Minute Defensive  - 0:29
Total
Forward - 60:00
Defense - 60:00

% Time on Ice - Predators

Lines # - Real PCT - Wanted PCT - Time Play
Normal Forward
1 - 35% - 40% - 13:02
2 - 27% - 30% - 10:08
3 - 22% - 20% - 8:09
4 - 17% - 10% - 6:20
Normal Defense
1 - 38% - 40% - 14:22
2 - 36% - 30% - 13:37
3 - 24% - 20% - 8:53
4 - 2% - 10% - 0:47
PP Forward
1 - 54% - 55% - 5:43
2 - 46% - 45% - 4:56
PP Defense
1 - 52% - 60% - 5:35
2 - 48% - 40% - 5:04
PK Forward
1 - 71% - 60% - 6:51
2 - 29% - 40% - 2:44
PK Defense
1 - 63% - 60% - 6:04
2 - 37% - 40% - 3:31
PK3 Forward
1 - 0% - 60%
2 - 0% - 40%
PK3 Defense
1 - 0% - 60%
2 - 0% - 40%
44 Forward
1 - 100% - 60% - 1:35
2 - 0% - 40% - 0:00
44 Defense
1 - 54% - 60% - 0:51
2 - 46% - 40% - 0:44
Last Minute Offensive  - 0:32
Last Minute Defensive  - 0:00
Total
Forward - 60:00
Defense - 60:00

Play-by-Play

1st period


0:01 of 1st period - Jean-Gabriel Pageau wins face-off versus Jack Eichel in neutral zone.
0:06 of 1st period - Wrist shot by Andrei Kuzmenko.
0:06 of 1st period - Shot Misses the Net.
0:08 of 1st period - Snap shot by Rickard Rakell.
0:08 of 1st period - Shot Blocked by Ryan Mcdonagh.
0:10 of 1st period - Slapshot by Jean-Gabriel Pageau.
0:10 of 1st period - Shot Misses the Net.
0:53 of 1st period - Brian Dumoulin is hit by Andy Miele and loses puck.
0:57 of 1st period - Icing by Brian Dumoulin.
0:58 of 1st period - Andy Miele wins face-off versus Jeff Carter in Avalanche zone.
1:17 of 1st period - Snap shot by Jeff Carter.
1:17 of 1st period - Stopped by Andrei Vasilevskiy with a rebound.
1:19 of 1st period - Slapshot by Brian Dumoulin.
1:19 of 1st period - Stopped by Andrei Vasilevskiy with a rebound.
1:21 of 1st period - Backhand shot by Brian Dumoulin.
1:21 of 1st period - Shot Hit the Post.
1:35 of 1st period - Snap shot by Reilly Smith.
1:35 of 1st period - Deflect By Brian Dumoulin.
1:35 of 1st period - Shot Blocked by Brian Dumoulin.
1:35 of 1st period - Puck is out of play.
1:36 of 1st period - Jack Eichel wins face-off versus Drake Caggiula in Avalanche zone.
1:51 of 1st period - Wrist shot by Jack Eichel.
1:51 of 1st period - Stopped by Robin Lehner without a rebound.
1:52 of 1st period - Bryan Little wins face-off versus Markus Granlund in Avalanche zone.
2:25 of 1st period - Snap shot by Jean-Gabriel Pageau.
2:25 of 1st period - Shot Blocked by Ryan Mcdonagh.
2:29 of 1st period - Snap shot by Andrei Kuzmenko.
2:29 of 1st period - Shot Misses the Net.
2:38 of 1st period - Off-side.
2:39 of 1st period - Jack Eichel wins face-off versus Drake Caggiula in neutral zone.
2:50 of 1st period - Slapshot by Jacob Slavin.
2:50 of 1st period - Shot Blocked by Morgan Rielly.
3:01 of 1st period - Icing by Morgan Rielly.
3:02 of 1st period - Bryan Little wins face-off versus Jack Eichel in Predators zone.
3:03 of 1st period - Slapshot by Kyle Clifford.
3:03 of 1st period - Shot Blocked by Morgan Rielly.
3:05 of 1st period - Snap shot by Jordan Schmaltz.
3:05 of 1st period - Deflect By Patric Hornqvist.
3:05 of 1st period - Shot Blocked by Marc Staal.
3:05 of 1st period - Puck is out of play.
3:06 of 1st period - Bryan Little wins face-off versus Scott Laughton in Predators zone.
3:19 of 1st period - Wrist shot by Patric Hornqvist.
3:19 of 1st period - Stopped by Andrei Vasilevskiy with a rebound.
3:21 of 1st period - Snap shot by Patric Hornqvist.
3:21 of 1st period - Stopped by Andrei Vasilevskiy with a rebound.
3:29 of 1st period - Minor Penalty to Claude Giroux for Interference.
3:30 of 1st period - Jean-Gabriel Pageau wins face-off versus Jaden Schwartz in Predators zone.
3:53 of 1st period - Justin Faulk is hit by Jean-Gabriel Pageau.
5:29 of 1st period - Penalty to Claude Giroux is over, Claude Giroux is back on ice.
5:31 of 1st period - Jaden Schwartz is hit by Rickard Rakell and loses puck.
5:42 of 1st period - Mark Pysyk is hit by Drake Caggiula.
5:55 of 1st period - Off-side.
5:56 of 1st period - Jeff Carter wins face-off versus Andy Miele in neutral zone.
6:07 of 1st period - Wrist shot by Andy Miele.
6:07 of 1st period - Shot Blocked by Jordan Schmaltz.
6:41 of 1st period - Snap shot by Kyle Clifford.
6:41 of 1st period - Stopped by Andrei Vasilevskiy with a rebound.
6:52 of 1st period - Minor Penalty to Rickard Rakell for Slashing.
6:53 of 1st period - Mikael Granlund wins face-off versus Luke Witkowski in Avalanche zone.
7:04 of 1st period - Snap shot by Jack Eichel.
7:04 of 1st period - Stopped by Robin Lehner with a rebound.
7:06 of 1st period - Slapshot by Justin Faulk.
7:06 of 1st period - Deflect By Mikael Granlund.
7:06 of 1st period - Stopped by Robin Lehner without a rebound.
7:07 of 1st period - Jack Eichel wins face-off versus Bryan Little in Avalanche zone.
7:12 of 1st period - Backhand shot by Jack Eichel.
7:12 of 1st period - Shot Blocked by Kyle Clifford.
7:14 of 1st period - Slapshot by Ryan Mcdonagh.
7:14 of 1st period - Deflect By Brian Dumoulin.
7:14 of 1st period - Goal by Ryan Mcdonagh - Avalanche : 0 - Predators : 1.
7:15 of 1st period - Jack Eichel wins face-off versus Jean-Gabriel Pageau in neutral zone.
7:37 of 1st period - Minor Penalty to Alexander Ovechkin for Interference.
7:38 of 1st period - Jaden Schwartz wins face-off versus Nick Cousins in Predators zone.
8:18 of 1st period - Snap shot by Rickard Rakell.
8:18 of 1st period - Goal by Rickard Rakell - Avalanche : 1 - Predators : 1.
8:19 of 1st period - Jean-Gabriel Pageau wins face-off versus Jack Eichel in neutral zone.
9:21 of 1st period - Snap shot by Anthony Duclair.
9:21 of 1st period - Shot Blocked by John Moore.
9:33 of 1st period - Snap shot by Joel Armia.
9:33 of 1st period - Stopped by Robin Lehner without a rebound.
9:34 of 1st period - Markus Granlund wins face-off versus Drake Caggiula in Avalanche zone.
10:27 of 1st period - Snap shot by Mark Pysyk.
10:27 of 1st period - Stopped by Robin Lehner without a rebound.
10:28 of 1st period - Mikael Granlund wins face-off versus Jean-Gabriel Pageau in Avalanche zone.
10:29 of 1st period - Wrist shot by Justin Faulk.
10:29 of 1st period - Deflect By Mikael Granlund.
10:29 of 1st period - Stopped by Robin Lehner without a rebound.
10:30 of 1st period - Jean-Gabriel Pageau wins face-off versus Jack Eichel in Avalanche zone.
10:30 of 1st period - Jean-Gabriel Pageau is hit by Justin Faulk.
10:36 of 1st period - Ryan Mcdonagh is hit by Vladislav Gavrikov and loses puck.
11:08 of 1st period - Slapshot by Patric Hornqvist.
11:08 of 1st period - Deflect By Kyle Clifford.
11:08 of 1st period - Shot Hit the Post.
11:08 of 1st period - Puck is out of play.
11:09 of 1st period - Jack Eichel wins face-off versus Jeff Carter in Predators zone.
11:34 of 1st period - Jaden Schwartz is hit by Rickard Rakell and loses puck.
12:25 of 1st period - Snap shot by Mark Pysyk.
12:25 of 1st period - Shot Blocked by David Rundblad.
13:11 of 1st period - Snap shot by Rickard Rakell.
13:11 of 1st period - Shot Misses the Net.
13:29 of 1st period - Wrist shot by Andy Miele.
13:29 of 1st period - Shot Hit the Post.
13:31 of 1st period - Wrist shot by Justin Faulk.
13:31 of 1st period - Deflect By Nicolas Kerdiles.
13:31 of 1st period - Stopped by Robin Lehner with a rebound.
13:33 of 1st period - Backhand shot by Andy Miele.
13:33 of 1st period - Goal by Andy Miele - Avalanche : 1 - Predators : 2.
13:34 of 1st period - Jeff Carter wins face-off versus Alexander Ovechkin in neutral zone.
14:59 of 1st period - Wrist shot by Andrei Kuzmenko.
14:59 of 1st period - Stopped by Andrei Vasilevskiy with a rebound.
15:01 of 1st period - Wrist shot by Rickard Rakell.
15:01 of 1st period - Stopped by Andrei Vasilevskiy with a rebound.
16:09 of 1st period - Minor Penalty to Reilly Smith for Tripping.
16:10 of 1st period - Jaden Schwartz wins face-off versus Bryan Little in Predators zone.
18:09 of 1st period - Penalty to Reilly Smith is over, Reilly Smith is back on ice.
19:52 of 1st period - Snap shot by Nick Cousins.
19:52 of 1st period - Goal by Nick Cousins - Avalanche : 2 - Predators : 2.
19:53 of 1st period - Bryan Little wins face-off versus Jack Eichel in neutral zone.
Goals for this period are 2 for Avalanche vs 2 for Predators.
Shots for this period are 9 for Avalanche vs 9 for Predators.

2nd period


0:01 of 2nd period - Bryan Little wins face-off versus Jack Eichel in neutral zone.
0:14 of 2nd period - Kyle Clifford is hit by Mikael Granlund and loses puck.
0:27 of 2nd period - Patric Hornqvist is hit by Justin Faulk and loses puck.
0:50 of 2nd period - Slapshot by Brian Dumoulin.
0:50 of 2nd period - Shot Misses the Net.
0:56 of 2nd period - David Rundblad is hit by Claude Giroux and loses puck.
1:11 of 2nd period - Snap shot by Nick Cousins.
1:11 of 2nd period - Stopped by Andrei Vasilevskiy without a rebound.
1:12 of 2nd period - Jack Eichel wins face-off versus Jeff Carter in Predators zone.
1:25 of 2nd period - Snap shot by Jack Eichel.
1:25 of 2nd period - Shot Misses the Net.
1:27 of 2nd period - Snap shot by Jack Eichel.
1:27 of 2nd period - Shot Misses the Net.
1:29 of 2nd period - Snap shot by Ryan Mcdonagh.
1:29 of 2nd period - Stopped by Robin Lehner without a rebound.
1:30 of 2nd period - Scott Laughton wins face-off versus Jean-Gabriel Pageau in Avalanche zone.
1:31 of 2nd period - Wrist shot by Jaden Schwartz.
1:31 of 2nd period - Shot Misses the Net.
2:07 of 2nd period - Slapshot by Kyle Clifford.
2:07 of 2nd period - Stopped by Andrei Vasilevskiy with a rebound.
2:11 of 2nd period - Wrist shot by Kyle Clifford.
2:11 of 2nd period - Shot Blocked by Alexander Ovechkin.
2:50 of 2nd period - Snap shot by Claude Giroux.
2:50 of 2nd period - Stopped by Robin Lehner without a rebound.
2:51 of 2nd period - Drake Caggiula wins face-off versus Scott Laughton in Avalanche zone.
2:51 of 2nd period - Drake Caggiula is hit by Scott Laughton.
3:01 of 2nd period - John Moore is hit by David Rundblad and loses puck.
3:12 of 2nd period - Snap shot by Jaden Schwartz.
3:12 of 2nd period - Shot Blocked by Brian Dumoulin.
3:14 of 2nd period - Slapshot by Scott Laughton.
3:14 of 2nd period - Deflect By Jaden Schwartz.
3:14 of 2nd period - Shot Misses the Net.
3:14 of 2nd period - Puck is out of play.
3:15 of 2nd period - Bryan Little wins face-off versus Jack Eichel in Avalanche zone.
3:27 of 2nd period - Minor Penalty to Alexander Ovechkin for Interference.
3:28 of 2nd period - Jaden Schwartz wins face-off versus Jean-Gabriel Pageau in Predators zone.
3:28 of 2nd period - Jaden Schwartz is hit by Jacob Slavin.
3:43 of 2nd period - Snap shot by Jean-Gabriel Pageau.
3:43 of 2nd period - Shot Misses the Net.
3:45 of 2nd period - Slapshot by Rickard Rakell.
3:45 of 2nd period - Stopped by Andrei Vasilevskiy with a rebound.
3:55 of 2nd period - Mark Pysyk is hit by Jacob Slavin and loses puck.
5:27 of 2nd period - Penalty to Alexander Ovechkin is over, Alexander Ovechkin is back on ice.
5:40 of 2nd period - Snap shot by Luke Witkowski.
5:40 of 2nd period - Goal by Luke Witkowski - Avalanche : 3 - Predators : 2.
5:41 of 2nd period - Jack Eichel wins face-off versus Jean-Gabriel Pageau in neutral zone.
5:45 of 2nd period - Minor Penalty to Alexander Ovechkin for Tripping.
5:46 of 2nd period - Jaden Schwartz wins face-off versus Jean-Gabriel Pageau in Predators zone.
5:55 of 2nd period - Ryan Mcdonagh is hit by Jacob Slavin and loses puck.
6:32 of 2nd period - David Rundblad is hit by Mark Pysyk and loses puck.
7:14 of 2nd period - Jack Johnson is hit by Marc Staal and loses puck.
7:45 of 2nd period - Penalty to Alexander Ovechkin is over, Alexander Ovechkin is back on ice.
7:52 of 2nd period - Alexander Ovechkin is hit by Jean-Gabriel Pageau.
8:22 of 2nd period - Slapshot by Ryan Mcdonagh.
8:22 of 2nd period - Stopped by Robin Lehner with a rebound.
8:24 of 2nd period - Snap shot by Justin Faulk.
8:24 of 2nd period - Deflect By Mark Pysyk.
8:24 of 2nd period - Goal by Mark Pysyk - Avalanche : 3 - Predators : 3.
8:25 of 2nd period - Jeff Carter wins face-off versus Jack Eichel in neutral zone.
9:01 of 2nd period - Minor Penalty to John Moore for Tripping.
9:02 of 2nd period - Jaden Schwartz wins face-off versus Bryan Little in Predators zone.
9:08 of 2nd period - Slapshot by Justin Faulk.
9:08 of 2nd period - Deflect By Jaden Schwartz.
9:08 of 2nd period - Stopped by Robin Lehner without a rebound.
9:09 of 2nd period - Jaden Schwartz wins face-off versus Bryan Little in Avalanche zone.
9:25 of 2nd period - Minor Penalty to Brian Dumoulin for Roughing.
9:26 of 2nd period - Mikael Granlund wins face-off versus Jean-Gabriel Pageau in Avalanche zone.
9:32 of 2nd period - Slapshot by Mikael Granlund.
9:32 of 2nd period - Stopped by Robin Lehner with a rebound.
9:34 of 2nd period - Wrist shot by Ryan Mcdonagh.
9:34 of 2nd period - Stopped by Robin Lehner with a rebound.
9:36 of 2nd period - Slapshot by Ryan Mcdonagh.
9:36 of 2nd period - Shot Misses the Net.
9:38 of 2nd period - Wrist shot by Mikael Granlund.
9:38 of 2nd period - Shot Misses the Net.
9:40 of 2nd period - Snap shot by Alexander Ovechkin.
9:40 of 2nd period - Stopped by Robin Lehner with a rebound.
9:52 of 2nd period - Justin Faulk is hit by Andrei Kuzmenko and loses puck.
10:56 of 2nd period - Jaden Schwartz is hit by Vladislav Gavrikov and loses puck.
11:01 of 2nd period - Penalty to John Moore is over, John Moore is back on ice.
11:12 of 2nd period - Snap shot by Jaden Schwartz.
11:12 of 2nd period - Deflect By Andy Miele.
11:12 of 2nd period - Shot Blocked by Jordan Schmaltz.
11:12 of 2nd period - Puck is out of play.
11:13 of 2nd period - Rickard Rakell wins face-off versus Scott Laughton in Avalanche zone.
11:25 of 2nd period - Penalty to Brian Dumoulin is over, Brian Dumoulin is back on ice.
12:50 of 2nd period - Slapshot by Justin Faulk.
12:50 of 2nd period - Stopped by Robin Lehner without a rebound.
12:51 of 2nd period - Jean-Gabriel Pageau wins face-off versus Jack Eichel in Avalanche zone.
12:51 of 2nd period - Jean-Gabriel Pageau is hit by Marc Staal.
12:54 of 2nd period - Minor Penalty to Jean-Gabriel Pageau for Holding.
12:55 of 2nd period - Bryan Little wins face-off versus Jack Eichel in Avalanche zone.
13:04 of 2nd period - Wrist shot by Bryan Little.
13:04 of 2nd period - Stopped by Andrei Vasilevskiy without a rebound.
13:05 of 2nd period - Bryan Little wins face-off versus Jack Eichel in Predators zone.
13:16 of 2nd period - Wrist shot by Bryan Little.
13:16 of 2nd period - Shot Misses the Net.
13:18 of 2nd period - Slapshot by Bryan Little.
13:18 of 2nd period - Stopped by Andrei Vasilevskiy with a rebound.
13:34 of 2nd period - Snap shot by Bryan Little.
13:34 of 2nd period - Shot Misses the Net.
13:36 of 2nd period - Slapshot by Brian Dumoulin.
13:36 of 2nd period - Shot Blocked by Justin Faulk.
13:38 of 2nd period - Slapshot by Vladislav Gavrikov.
13:38 of 2nd period - Deflect By Bryan Little.
13:38 of 2nd period - Shot Misses the Net.
13:38 of 2nd period - Puck is out of play.
13:39 of 2nd period - Rickard Rakell wins face-off versus Scott Laughton in Predators zone.
13:50 of 2nd period - Wrist shot by Claude Giroux.
13:50 of 2nd period - Shot Misses the Net.
13:52 of 2nd period - Snap shot by Claude Giroux.
13:52 of 2nd period - Shot Misses the Net.
13:54 of 2nd period - Slapshot by Scott Laughton.
13:54 of 2nd period - Stopped by Robin Lehner with a rebound.
14:51 of 2nd period - Wrist shot by Jaden Schwartz.
14:51 of 2nd period - Goal by Jaden Schwartz - Avalanche : 3 - Predators : 4.
14:52 of 2nd period - Bryan Little wins face-off versus Jack Eichel in neutral zone.
15:43 of 2nd period - Rickard Rakell is hit by Mark Pysyk and loses puck.
15:48 of 2nd period - Slapshot by Travis Dermott.
15:48 of 2nd period - Stopped by Robin Lehner without a rebound.
15:49 of 2nd period - Jack Eichel wins face-off versus Bryan Little in Avalanche zone.
16:16 of 2nd period - Claude Giroux is hit by Jack Johnson and loses puck.
16:22 of 2nd period - Icing by John Moore.
16:23 of 2nd period - Jean-Gabriel Pageau wins face-off versus Scott Laughton in Predators zone.
16:37 of 2nd period - Minor Penalty to Rickard Rakell for Cross-checking.
16:38 of 2nd period - Jack Eichel wins face-off versus Bryan Little in Avalanche zone.
16:48 of 2nd period - Bryan Little is hit by Justin Faulk and loses puck.
17:13 of 2nd period - Snap shot by Claude Giroux.
17:13 of 2nd period - Shot Misses the Net.
17:15 of 2nd period - Slapshot by Ryan Mcdonagh.
17:15 of 2nd period - Deflect By Claude Giroux.
17:15 of 2nd period - Shot Blocked by Jacob Slavin.
17:15 of 2nd period - Puck is out of play.
17:16 of 2nd period - Bryan Little wins face-off versus Jack Eichel in Avalanche zone.
17:25 of 2nd period - Wrist shot by Jack Eichel.
17:25 of 2nd period - Shot Hit the Post.
17:54 of 2nd period - Slapshot by John Moore.
17:54 of 2nd period - Stopped by Robin Lehner with a rebound.
18:04 of 2nd period - Justin Faulk is hit by Kyle Clifford.
18:37 of 2nd period - Penalty to Rickard Rakell is over, Rickard Rakell is back on ice.
19:06 of 2nd period - David Rundblad is hit by Travis Dermott and loses puck.
19:27 of 2nd period - Wrist shot by Bryan Little.
19:27 of 2nd period - Stopped by Andrei Vasilevskiy with a rebound.
19:33 of 2nd period - Slapshot by John Moore.
19:33 of 2nd period - Shot Blocked by Kyle Clifford.
19:39 of 2nd period - Snap shot by Markus Granlund.
19:39 of 2nd period - Stopped by Robin Lehner with a rebound.
19:45 of 2nd period - Snap shot by Joel Armia.
19:45 of 2nd period - Stopped by Robin Lehner without a rebound.
19:46 of 2nd period - Jeff Carter wins face-off versus Jack Eichel in Avalanche zone.
19:55 of 2nd period - Snap shot by Nick Cousins.
19:55 of 2nd period - Goal by Nick Cousins - Avalanche : 4 - Predators : 4.
19:56 of 2nd period - Jean-Gabriel Pageau wins face-off versus Jack Eichel in neutral zone.
Goals for this period are 2 for Avalanche vs 2 for Predators.
Shots for this period are 8 for Avalanche vs 15 for Predators.

3rd period


0:01 of 3rd period - Jean-Gabriel Pageau wins face-off versus Jack Eichel in neutral zone.
0:33 of 3rd period - Wrist shot by Andy Miele.
0:33 of 3rd period - Stopped by Robin Lehner with a rebound.
1:02 of 3rd period - Bryan Little is hit by Claude Giroux and loses puck.
1:40 of 3rd period - Icing by Joel Armia.
1:41 of 3rd period - Mikael Granlund wins face-off versus Drake Caggiula in Predators zone.
2:03 of 3rd period - Icing by Jack Eichel.
2:04 of 3rd period - Bryan Little wins face-off versus Alexander Ovechkin in Predators zone.
2:05 of 3rd period - Slapshot by Kyle Clifford.
2:05 of 3rd period - Shot Misses the Net.
2:07 of 3rd period - Snap shot by Vladislav Gavrikov.
2:07 of 3rd period - Shot Blocked by Travis Dermott.
2:09 of 3rd period - Slapshot by Jordan Schmaltz.
2:09 of 3rd period - Shot Blocked by Travis Dermott.
2:11 of 3rd period - Slapshot by Patric Hornqvist.
2:11 of 3rd period - Stopped by Andrei Vasilevskiy without a rebound.
2:12 of 3rd period - Bryan Little wins face-off versus Scott Laughton in Predators zone.
2:21 of 3rd period - Wrist shot by Kyle Clifford.
2:21 of 3rd period - Stopped by Andrei Vasilevskiy without a rebound.
2:22 of 3rd period - Andrei Kuzmenko wins face-off versus Scott Laughton in Predators zone.
2:53 of 3rd period - Snap shot by Jaden Schwartz.
2:53 of 3rd period - Deflect By Scott Laughton.
2:53 of 3rd period - Shot Misses the Net.
2:53 of 3rd period - Puck is out of play.
2:54 of 3rd period - Jack Eichel wins face-off versus Bryan Little in Avalanche zone.
3:17 of 3rd period - Minor Penalty to Jack Johnson for Cross-checking.
3:18 of 3rd period - Jack Eichel wins face-off versus Bryan Little in Avalanche zone.
3:54 of 3rd period - Snap shot by Claude Giroux.
3:54 of 3rd period - Stopped by Robin Lehner without a rebound.
3:55 of 3rd period - Scott Laughton wins face-off versus Jean-Gabriel Pageau in Avalanche zone.
4:58 of 3rd period - Wrist shot by Mikael Granlund.
4:58 of 3rd period - Stopped by Robin Lehner without a rebound.
4:59 of 3rd period - Bryan Little wins face-off versus Scott Laughton in Avalanche zone.
5:04 of 3rd period - Snap shot by Bryan Little.
5:04 of 3rd period - Stopped by Andrei Vasilevskiy with a rebound.
5:17 of 3rd period - Penalty to Jack Johnson is over, Jack Johnson is back on ice.
5:32 of 3rd period - Icing by Nick Cousins.
5:33 of 3rd period - Jeff Carter wins face-off versus Jack Eichel in Avalanche zone.
5:43 of 3rd period - Minor Penalty to Alexander Ovechkin for Diving.
5:44 of 3rd period - Jean-Gabriel Pageau wins face-off versus Jaden Schwartz in Predators zone.
5:44 of 3rd period - Wrist shot by Kyle Clifford.
5:44 of 3rd period - Shot Misses the Net.
5:46 of 3rd period - Snap shot by Jacob Slavin.
5:46 of 3rd period - Stopped by Andrei Vasilevskiy with a rebound.
5:48 of 3rd period - Wrist shot by Kyle Clifford.
5:48 of 3rd period - Goal by Kyle Clifford - Avalanche : 5 - Predators : 4.
5:49 of 3rd period - Jean-Gabriel Pageau wins face-off versus Jack Eichel in neutral zone.
6:47 of 3rd period - Wrist shot by Nicolas Kerdiles.
6:47 of 3rd period - Shot Misses the Net.
7:07 of 3rd period - Wrist shot by Jacob Slavin.
7:07 of 3rd period - Shot Blocked by Joel Armia.
7:38 of 3rd period - Icing by Jacob Slavin.
7:39 of 3rd period - Jean-Gabriel Pageau wins face-off versus Scott Laughton in Avalanche zone.
7:46 of 3rd period - Slapshot by Jack Johnson.
7:46 of 3rd period - Shot Misses the Net.
7:48 of 3rd period - Slapshot by Jacob Slavin.
7:48 of 3rd period - Shot Misses the Net.
7:50 of 3rd period - Slapshot by Jack Johnson.
7:50 of 3rd period - Stopped by Andrei Vasilevskiy with a rebound.
8:29 of 3rd period - Minor Penalty to Jordan Schmaltz for Slashing.
8:30 of 3rd period - Bryan Little wins face-off versus Jack Eichel in Avalanche zone.
8:36 of 3rd period - Ryan Mcdonagh is hit by Bryan Little and loses puck.
8:58 of 3rd period - Snap shot by Jaden Schwartz.
8:58 of 3rd period - Shot Blocked by Jack Johnson.
9:00 of 3rd period - Snap shot by Travis Dermott.
9:00 of 3rd period - Shot Blocked by Jack Johnson.
9:02 of 3rd period - Snap shot by Claude Giroux.
9:02 of 3rd period - Stopped by Robin Lehner with a rebound.
10:29 of 3rd period - Penalty to Jordan Schmaltz is over, Jordan Schmaltz is back on ice.
10:34 of 3rd period - Wrist shot by Mark Pysyk.
10:34 of 3rd period - Shot Misses the Net.
10:42 of 3rd period - Slapshot by Bryan Little.
10:42 of 3rd period - Stopped by Andrei Vasilevskiy without a rebound.
10:43 of 3rd period - Jeff Carter wins face-off versus Andy Miele in Predators zone.
11:10 of 3rd period - Morgan Rielly is hit by Jacob Slavin and loses puck.
11:58 of 3rd period - John Moore is hit by Jeff Carter.
12:38 of 3rd period - Wrist shot by Mikael Granlund.
12:38 of 3rd period - Stopped by Robin Lehner without a rebound.
12:39 of 3rd period - Jack Eichel wins face-off versus Jeff Carter in Avalanche zone.
15:18 of 3rd period - Off-side.
15:19 of 3rd period - Jeff Carter wins face-off versus Alexander Ovechkin in neutral zone.
16:39 of 3rd period - Minor Penalty to Joseph Blandisi for Hooking.
16:40 of 3rd period - Jean-Gabriel Pageau wins face-off versus Jack Eichel in Avalanche zone.
18:39 of 3rd period - Penalty to Joseph Blandisi is over, Joseph Blandisi is back on ice.
18:51 of 3rd period - Predators, Andrei Vasilevskiy is pulled from the net.
19:30 of 3rd period - Minor Penalty to Alexander Ovechkin for Roughing.
19:31 of 3rd period - Andrei Vasilevskiy from Predators was sent back in the game.
19:31 of 3rd period - Jaden Schwartz wins face-off versus Bryan Little in Predators zone.
19:39 of 3rd period - Snap shot by Andrei Kuzmenko.
19:39 of 3rd period - Stopped by Andrei Vasilevskiy without a rebound.
19:40 of 3rd period - Marc Crawford call a timeout for Predators.
19:40 of 3rd period - Jaden Schwartz wins face-off versus Bryan Little in Predators zone.
19:49 of 3rd period - Backhand shot by Bryan Little.
19:49 of 3rd period - Stopped by Andrei Vasilevskiy with a rebound.
19:59 of 3rd period - Snap shot by Bryan Little.
19:59 of 3rd period - Stopped by Andrei Vasilevskiy without a rebound.
Goals for this period are 1 for Avalanche vs 0 for Predators.
Shots for this period are 10 for Avalanche vs 5 for Predators. Output by the SimonT Hockey Simulator (STHS) for Francois Prevost - Original Page W3C HTML5 Valid
Hockey Simulator - Hockey Simulation - Hockey Manager